Map: Ascension to Aiur LE

Players

Adapt - Winner!

  • Race: Zerg Zerg
  • League: Diamond
  • Spawn Location: 5:00

KiPlayer

  • Race: Protoss Protoss
  • League: Diamond
  • Spawn Location: 11:00

VOD

Have the link to the VOD?

Description

how to counter getting nat blocked

Time

  • Played on: Jan. 6, 2018, 11:05 p.m.
  • Length: 6:00
Show
View Real Time Build Order
Export as new Build Order

Adapt Zerg - Winner!

Build Orders: Pool First 

Get SALT Encoding   

  12  0:01  Drone  
  13  0:12  Overlord  
  13  0:17  Drone  
  14  0:30  Drone x2  
  14  0:34  Drone  
  17  0:59  Spawning Pool  
  17  1:01  Drone x2, Extractor  
  17  1:07  Drone  
  18  1:17  Drone  
  19  1:30  Hatchery  
  19  1:31  Drone  
  19  1:42  Drone  
  20  1:54  Queen  
  20  1:57  Overlord  
  22  2:26  Hatchery  
  21  2:33  Metabolic Boost  
  21  2:44  Spine Crawler  
  21  2:46  Spine Crawler  
  21  2:49  Spine Crawler  
  18  2:56  Spine Crawler  
  17  3:05  Drone x2  
  18  3:08  Zergling x2  
  18  3:09  Zergling x2  
  21  3:20  Queen  
  23  3:34  Zergling x2  
  23  3:35  Zergling x6  
  27  3:44  Drone, Baneling Nest  
  27  3:47  Zergling x2  
  28  4:00  Zergling x2  
  28  4:01  Zergling x4  
  31  4:09  Drone  
  32  4:18  Zergling x2  
  32  4:19  Zergling x8  
  37  4:28  Zergling x2  
  37  4:29  Zergling x4  
  39  4:43  Zergling x2  
  39  4:44  Zergling x4  
  42  4:45  Overlord  
  37  4:54  Zergling x2  
  37  4:55  Zergling x4  
  37  5:02  Baneling x3  
  37  5:04  Zergling x2  
  37  5:05  Zergling x2  
  36  5:14  Zergling x2  
  36  5:15  Zergling x2  
  37  5:24  Zergling x8  
  36  5:39  Zergling x8  
  36  5:42  Zergling x2  
Show
View Real Time Build Order
Export as new Build Order

KiPlayer Protoss 

Build Orders:  

Get SALT Encoding   

  12  0:01  Probe  
  13  0:15  Pylon  
  13  0:19  Probe (Chrono Boost)  
  15  0:30  Probe (Chrono Boost)  
  15  0:35  Probe (Chrono Boost)  
  16  0:45  Probe  
  17  0:57  Probe  
  18  1:09  Probe, Nexus  
  19  1:22  Probe  
  20  1:26  Gateway  
  20  1:35  Probe, Assimilator  
  20  1:39  Assimilator  
  21  1:48  Probe  
  22  1:57  Pylon  
  22  1:58  Gateway  
  22  2:00  Probe  
  23  2:16  Probe (Chrono Boost)  
  23  2:17  Zealot  
  23  2:18  Cybernetics Core  
  23  2:21  Probe (Chrono Boost)  
  27  2:35  Probe (Chrono Boost)  
  27  2:36  Probe (Chrono Boost)  
  28  2:44  Pylon  
  29  2:50  Probe  
  30  2:56  Twilight Council  
  30  2:57  Probe, Warp Gate (Chrono Boost)  
  31  2:58  Stalker  
  31  3:02  Probe  
  34  3:09  Probe  
  34  3:12  Sentry  
  37  3:14  Probe  
  38  3:21  Probe  
  38  3:23  Forge  
  38  3:26  Probe  
  40  3:33  Probe  
  41  3:38  Probe  
  42  3:43  Assimilator  
  42  3:45  Probe  
  42  3:48  Assimilator  
  43  3:50  Probe  
  44  3:57  Probe  
  44  4:02  Probe  
  46  4:09  Robotics Facility  
  46  4:10  Stargate  
  46  4:12  Shield Battery  
  46  4:14  Shield Battery  
  46  4:15  Photon Cannon  
  46  4:22  Pylon  
  28  4:57  Immortal  
  25  5:05  Pylon  
  23  5:26  Probe  
  22  5:40  Photon Cannon  
Tags
 
Add a new tag
Caveats
  • Supply blocks, unpowered buildings, or Contaminate may cause inaccurate times.
  • Supply counts are checked every 10 seconds.